 Dungeon Crawl Stone Soup version 0.20.0-8-g6b59dc7 (webtiles) character file.

7844 Pikken the Grappler (level 11, -9/91 HPs)
             Began as a Ghoul Monk on May 31, 2017.
             Was an Elder of Makhleb.
             Mangled by a two-headed ogre
             ... wielding a +0 giant club
              (12 damage)
             ... on level 9 of the Dungeon.
             The game lasted 00:48:57 (8611 turns).

Pikken the Grappler (Ghoul Monk)                    Turns: 8611, Time: 00:48:58

Health: -9/91      AC: 10    Str: 19    XL:     11   Next: 21%
Magic:  12/12      EV: 14    Int:  5    God:    Makhleb [****..]
Gold:   242        SH:  0    Dex: 13    Spells: 10/10 levels left

rFire    . . .     SeeInvis .     - Unarmed
rCold    + . .     Gourm    .   (no shield)
rNeg     + + +     Faith    .   Q - +4 ring mail {MR+}
rPois    ∞         Spirit   .   (no helmet)
rElec    .         Reflect  .   (no cloak)
rCorr    .         Harm     .   (no gloves)
MR       +....                  (no boots)
Stlth    ++........             (no amulet)
Regen    0.0/turn               k - ring of poison resistance
MPRegen  0.2/turn               N - +2 ring of strength

@: rotting
A: rotting body, claws 1, carnivore 3, cold resistance 1, negative energy
resistance 3, inhibited regeneration, torment resistance, unbreathing
a: Minor Destruction, Lesser Servant of Makhleb, Major Destruction, Renounce
Religion


You were on level 9 of the Dungeon.
You worshipped Makhleb.
Makhleb was greatly pleased with you.
You were not hungry.

You visited 2 branches of the dungeon, and saw 11 of its levels.
You also visited: Sewer.

You collected 592 gold pieces.
You spent 350 gold pieces at shops.

Inventory:

Hand Weapons
 v - a +4 whip
Armour
 a - a +0 robe
 j - a +0 robe
 t - a +1 scale mail of poison resistance
 Q - a +4 ring mail of magic resistance (worn)
Magical Staves
 P - an uncursed staff of summoning {unknown}
Jewellery
 k - a ring of poison resistance (left claw)
 l - an uncursed amulet of the gourmand
 N - a +2 ring of strength (right claw)
 S - a cursed ring of teleportation {unknown}
Wands
 u - a wand of lightning (9/15)
 G - a wand of flame (19/48)
 R - a wand of acid (4/15)
Scrolls
 d - 4 scrolls of amnesia
 e - 5 scrolls of remove curse
 f - 3 scrolls of noise
 g - 4 scrolls of identify
 h - a scroll of vulnerability {unknown}
 i - 4 scrolls of fear
 m - a scroll of enchant armour {unknown}
 n - a scroll of random uselessness {unknown}
 r - 2 scrolls of teleportation
 x - a scroll of recharging
 y - a scroll of magic mapping {unknown}
 E - a scroll of fog {unknown}
 F - a scroll of brand weapon {unknown}
 H - 2 scrolls of blinking {unknown}
 J - 2 scrolls of immolation {unknown}
Potions
 o - a potion of agility {unknown}
 p - a potion of degeneration {unknown}
 q - 2 potions of brilliance
 s - a potion of might
 w - 2 potions of curing
 z - a potion of heal wounds
 A - 3 potions of haste {unknown}
 B - a potion of berserk rage {unknown}
 C - 2 potions of mutation
 I - 2 potions of invisibility {unknown}
 K - a potion of flight {unknown}
 L - a potion of lignification {unknown}
 M - 3 potions of ambrosia {unknown}
Books
 D - a Young Poisoner's Handbook

   Spells                             Type                      Level
   a - Sting                          Conjuration/Poison           1
   b - Poisonous Vapours              Poison/Air                   2
   c - Mephitic Cloud                 Conjuration/Poison/Air       3
   d - Olgreb's Toxic Radiance        Poison                       4
   e - Venom Bolt                     Conjuration/Poison           5
 O - a book of Changes

   Spells                             Type                      Level
   a - Beastly Appendage              Transmutation                1
   b - Sticks to Snakes               Transmutation                2
   c - Spider Form                    Transmutation/Poison         3
   d - Ice Form                       Ice/Transmutation            4
   e - Blade Hands                    Transmutation                5
Comestibles
 b - 2 meat rations
 c - 4 royal jellies


   Skills:
 * Level 6.7 Fighting
 + Level 7.2 Armour
 + Level 5.6 Dodging
 + Level 4.5 Stealth
 + Level 13.0 Unarmed Combat
 * Level 3.9 Invocations


You had 10 spell levels left.
You didn't know any spells.

Dungeon Overview and Level Annotations

Branches:
Dungeon (10/15)            Temple (1/1) D:5
   Lair: D:8-11         Orc: D:9-12

Altars:
Ashenzari
Cheibriados
Dithmenos
Elyvilon
Fedhas
Gozag
Hepliaklqana
Kikubaaqudgha
Makhleb
Nemelex Xobeh
Okawaru
Qazlal
Ru
Trog
Uskayaw
Vehumet
Xom
Yredelemnul
Zin
The Shining One

Shops:
D:7 (   D:8 :

Annotations:
D:5 1 exclusion


Innate Abilities, Weirdness & Mutations

Your body is rotting away.
You thrive on raw meat.
You are immune to poison.
You have sharp fingernails.
You are carnivorous and can eat meat at any time.
Your flesh is cold resistant. (rC+)
You are immune to negative energy. (rN+++)
You do not regenerate when monsters are visible.
You are immune to unholy pain and torment.
You can survive without breathing.


Message History

Your smoke demon gestures at the two-headed ogre.
The sticky flame hits the two-headed ogre.
The two-headed ogre is covered in liquid flames!
There is an open door here.
Something hits your smoke demon!! Something hits your smoke demon!
You eat one of the 3 meat rations.
That meat ration really hit the spot!
Something hits your smoke demon.
Your smoke demon dies!
You start resting.
The two-headed ogre burns!
The two-headed ogre shouts in stereo!
You scratch the two-headed ogre.
The two-headed ogre is moderately wounded.
You claw the two-headed ogre!
The two-headed ogre is heavily wounded.
The two-headed ogre burns!
The two-headed ogre stops burning.
The two-headed ogre hits you with a giant club!!
* * * LOW HITPOINT WARNING * * *
The two-headed ogre hits you with a giant club!
You die...

####)###########.......###...≈≈.>
#).# #..(....# #...≈≈.o ##.#
####'#### #...≈≈≈ #####)#### #.##
#....≈≈ #...))...###### #.>#
##..... #....)........## ###'##
##....
#........####..###....#########..
#........# ##...#....#.....'.#..
#..>.....# ###@O....'(#####.#..
#.......<# ###....### #.##.
.........# #....# #....
.........# #...(# #####
#........# ###### #####....##
####..### #.......#######
#.......))((.(###############


You could see a two-headed ogre.

Vanquished Creatures
  4 two-headed ogres
  The ghost of endorz the Shield-Bearer, a novice FoFi of Makhleb (D:4)
  A wyvern (D:9)
  A hippogriff (D:7)
  A wraith (D:9)
  A steam dragon (D:7)
  4 hungry ghosts
  A sky beast (D:8)
  3 ice beasts
  3 orc warriors
  7 ogres
  4 centaurs
  A big kobold (D:9)
  2 bullfrogs
  A water moccasin zombie (D:6)
  5 scorpions
  6 killer bees (D:8)
  4 howler monkeys
  2 crimson imps (D:8)
  A centaur zombie (D:7)
  An orc wizard (D:8)
  7 hounds
  3 jellies
  3 orc priests
  Ijyb (D:3)
  2 bullfrog skeletons
  2 centaur skeletons
  5 iguanas
  11 worker ants
  A hound zombie (D:9)
  A howler monkey zombie (D:5)
  2 worker ant zombies (D:7)
  17 adders
  2 shadow imps (D:9)
  2 oozes
  2 adder skeletons
  2 worms
  3 dart slugs
  2 leopard geckos
  26 orcs
  2 ball pythons (Sewer)
  2 bats
  7 giant cockroaches
  14 goblins
  6 hobgoblins
  11 jackals
  10 kobolds
  3 quokkas
  12 frilled lizards
  A jackal skeleton (D:4)
  A quokka skeleton (D:7)
  7 rats
224 creatures vanquished.

Vanquished Creatures (others)
  A goblin (D:3)
  A plant (D:10)
2 creatures vanquished.

Grand Total: 226 creatures vanquished

Notes
Turn   | Place    | Note
-------+----------+-------------------------------------------
     0 | D:1      | Pikken the Ghoul Monk began the quest for the Orb.
     0 | D:1      | Reached XP level 1. HP: 19/19 MP: 0/0
   117 | D:1      | Reached XP level 2. HP: 19/26 MP: 1/1
   564 | D:2      | Reached XP level 3. HP: 30/30 MP: 2/2
   619 | D:2      | Reached skill level 4 in Unarmed Combat
   794 | D:2      | Reached XP level 4. HP: 13/40 MP: 3/3
   878 | D:2      | Found a hazy altar of Hepliaklqana.
  1157 | D:3      | Found a white marble altar of Elyvilon.
  1357 | D:3      | Reached XP level 5. HP: 33/46 MP: 4/4
  1458 | D:3      | Noticed Ijyb
  1489 | D:3      | Killed Ijyb
  1769 | D:3      | Reached skill level 5 in Unarmed Combat
  1967 | D:4      | Noticed a hungry ghost
  1990 | D:4      | Killed a hungry ghost
  1990 | D:4      | Reached XP level 6. HP: 47/52 MP: 5/5
  2015 | D:4      | Reached skill level 6 in Unarmed Combat
  2100 | D:4      | Noticed endorz's ghost (novice FoFi)
  2457 | D:4      | Found a glowing drain.
  2484 | D:4      | Reached skill level 1 in Armour
  2497 | Sewer    | Entered a sewer
  2574 | Sewer    | Reached XP level 7. HP: 55/56 MP: 6/6
  3535 | D:4      | Killed endorz's ghost
  3535 | D:4      | Reached skill level 7 in Unarmed Combat
  3663 | D:4      | Reached XP level 8. HP: 64/66 MP: 7/7
  3947 | D:4      | Reached skill level 8 in Unarmed Combat
  4027 | D:5      | Entered Level 5 of the Dungeon
  4085 | D:5      | Found a shimmering altar of Xom.
  4085 | D:5      | Found a glowing silver altar of Zin.
  4085 | D:5      | Noticed an angel
  4152 | D:5      | Got a faintly humming leather armour
  4153 | D:5      | Identified the cursed +1 leather armour "Noeproqi" {rC+} (You found it on level 5 of the Dungeon)
  4537 | D:5      | Found a staircase to the Ecumenical Temple.
  4555 | Temple   | Entered the Ecumenical Temple
  4602 | Temple   | Became a worshipper of Makhleb the Destroyer
  4602 | Temple   | Reached * piety under Makhleb
  4602 | Temple   | Reached ** piety under Makhleb
  4634 | D:5      | Found a radiant altar of Vehumet.
  5269 | D:6      | Reached skill level 9 in Unarmed Combat
  5320 | D:6      | Reached XP level 9. HP: 45/73 MP: 8/8
  5497 | D:6      | Reached skill level 5 in Armour
  5809 | D:6      | Found a blossoming altar of Fedhas.
  5915 | D:7      | Reached skill level 5 in Fighting
  5995 | D:7      | Reached skill level 10 in Unarmed Combat
  6183 | D:7      | Noticed a two-headed ogre
  6189 | D:7      | Killed a two-headed ogre
  6207 | D:7      | Reached skill level 11 in Unarmed Combat
  6366 | D:7      | Found Lobuatem's Weapon Shop.
  6466 | D:7      | Found a stormy altar of Qazlal.
  6693 | D:7      | Reached XP level 10. HP: 73/81 MP: 9/9
  6925 | D:8      | Reached *** piety under Makhleb
  6929 | D:8      | Reached skill level 5 in Dodging
  7124 | D:8      | Found Jekkuogg's Book Emporium.
  7130 | D:8      | Bought a book of Changes for 350 gold pieces
  7362 | D:8      | Found an ancient bone altar of Kikubaaqudgha.
  7424 | D:8      | Noticed a two-headed ogre
  7462 | D:7      | Reached skill level 12 in Unarmed Combat
  7525 | D:8      | Killed a two-headed ogre
  7525 | D:8      | Reached skill level 1 in Invocations
  7708 | D:8      | Reached **** piety under Makhleb
  8119 | D:9      | Noticed a two-headed ogre
  8256 | D:9      | Noticed a two-headed ogre
  8266 | D:9      | Killed a two-headed ogre
  8266 | D:9      | Reached XP level 11. HP: 40/91 MP: 12/12
  8346 | D:9      | Found a sparkling altar of Nemelex Xobeh.
  8365 | D:9      | Killed a two-headed ogre
  8365 | D:9      | Reached skill level 13 in Unarmed Combat
  8567 | D:10     | Entered Level 10 of the Dungeon
  8576 | D:10     | Noticed a two-headed ogre
  8611 | D:9      | HP: 3/91 [two-headed ogre/giant club (24)]
  8611 | D:9      | Mangled by a two-headed ogre

Skill      XL: |  1  2  3  4  5  6  7  8  9 10 11 |
---------------+----------------------------------+-----
Dodging        | 3 4 5 |  5.6
Unarmed Combat | 4 5 6 7 9 11 12 13 | 13.0
Stealth        | 3 4 |  4.5
Fighting       | 4 5 6 |  6.7
Armour         | 1 3 4 5 7 |  7.2
Invocations    | 3 |  3.9

Action                   |  1- 3 |  4- 6 |  7- 9 | 10-12 || total
-------------------------+-------+-------+-------+-------++-------
Melee: Unarmed           |    78 |   191 |   332 |   264 ||   865
       Punch             |     2 |     3 |     7 |    15 ||    27
Invok: Minor Destruction |       |       |       |     5 ||     5
       Lesser Servant of |       |       |       |     2 ||     2
       Major Destruction |       |       |       |     1 ||     1
Evoke: Wand              |       |       |       |     1 ||     1
  Use: Scroll            |       |     2 |     6 |     5 ||    13
       Potion            |       |       |     7 |       ||     7
 Stab: Sleeping          |     5 |     3 |       |     1 ||     9
       Distracted        |       |       |     1 |     1 ||     2
  Eat: Chunk             |    16 |    33 |    50 |    45 ||   144
       Meat ration       |       |     2 |     2 |     1 ||     5
Armor: Robe              |    17 |     5 |       |       ||    22
       Scale mail        |       |    43 |    89 |    28 ||   160
       Ring mail         |       |       |       |    27 ||    27
Dodge: Dodged            |    54 |   118 |   160 |   139 ||   471
